 Dungeon Crawl Stone Soup version 0.21-a0-552-g593960d (webtiles) character file.

2861 slep the Cleaver (level 9, -5/75 HPs)
             Began as a Black Draconian Gladiator on Dec 17, 2017.
             Slain by an orc warrior
             ... wielding a +0 glaive
              (24 damage)
             ... on level 6 of the Dungeon.
             The game lasted 00:21:12 (5997 turns).

slep the Cleaver (Black Draconian Gladiator)        Turns: 5997, Time: 00:21:13

Health: -5/75      AC:  8    Str: 17    XL:     9   Next: 47%
Magic:  9/9        EV: 16    Int:  8    God:
Gold:   312        SH:  0    Dex: 16    Spells: 8/8 levels left

rFire    . . .     SeeInvis .   x - +0 hand axe (freeze)
rCold    . . .     Gourm    .   (no shield)
rNeg     . . .     Faith    .   (armour unavailable)
rPois    .         Spirit   .   b - +0 hat
rElec    +         Reflect  .   (no cloak)
rCorr    .         Harm     .   g - +0 pair of gloves
MR       .....                  (no boots)
Stlth    ++........             (no amulet)
HPRegen  0.22/turn              (no ring)
MPRegen  0.11/turn              (no ring)

@: no status effects
A: breathe lightning, unfitting armour, electricity resistance, cold-blooded, AC
+7
a: Breathe Lightning


You were on level 6 of the Dungeon.
You were not hungry.

You visited 1 branch of the dungeon, and saw 6 of its levels.
You also visited: Ossuary.

You collected 411 gold pieces.
You spent 99 gold pieces at shops.

Inventory:

Hand Weapons
 a - a +0 war axe
 x - a +0 hand axe of freezing (weapon)
Missiles
 c - 3 throwing nets (quivered)
 m - 10 javelins
 r - 7 curare-tipped needles
 w - 20 poisoned needles
Armour
 b - a +0 hat (worn)
 g - a +0 pair of gloves (worn)
Wands
 t - a wand of flame (18)
 K - a wand of random effects (27)
Scrolls
 e - 3 scrolls of enchant armour {unknown}
 h - a scroll of noise {unknown}
 i - 3 scrolls of identify {unknown}
 l - 2 scrolls of teleportation {unknown}
 n - 2 scrolls of fog {unknown}
 o - 3 scrolls of remove curse {unknown}
 q - 2 scrolls of magic mapping {unknown}
 s - a scroll of blinking {unknown}
 y - a scroll of vulnerability {unknown}
 B - 5 scrolls of random uselessness {unknown}
 D - a scroll of amnesia {unknown}
 G - 2 scrolls of immolation {unknown}
 H - a scroll of holy word {unknown}
 I - a scroll of acquirement {unknown}
 M - a scroll of enchant weapon {unknown}
Potions
 k - a potion of brilliance
 p - a potion of might
 u - a potion of heal wounds
 v - 2 potions of flight {unknown}
 z - 2 potions of mutation {unknown}
 A - a potion of lignification {unknown}
 C - 9 potions of degeneration {unknown}
 E - 2 potions of curing {unknown}
 F - a potion of agility {unknown}
Comestibles
 d - 3 bread rations
 f - 3 meat rations
 j - 3 royal jellies
 J - 4 fruits
 L - 3 chunks of flesh


   Skills:
 + Level 6.3 Fighting
 + Level 10.1 Axes
 + Level 2.2 Throwing
 + Level 5.9 Dodging
 + Level 3.4 Stealth


You had 8 spell levels left.
You didn't know any spells.

Dungeon Overview and Level Annotations

Branches:
Dungeon (6/15)
 Temple: D:4-7

Altars:
Ashenzari
Cheibriados
Dithmenos
Elyvilon
Fedhas
Kikubaaqudgha
Makhleb
Sif Muna
Xom
Yredelemnul
Zin
The Shining One

Shops:
D:5 *


Innate Abilities, Weirdness & Mutations

You can breathe wild blasts of lightning.
Your glossy black scales are hard. (AC +7)
You cannot fit into any form of body armour.
You are resistant to electric shocks. (rElec)
You are cold-blooded and may be slowed by cold attacks.


Message History

The ice beast is almost dead.
The ice beast misses you.
The orc warrior hits you from afar with a glaive!
You hit the ice beast.
You kill the ice beast!
The orc warrior hits you with a glaive!
You hit the orc warrior but do no damage.
The orc warrior hits you with a glaive!
* * * LOW HITPOINT WARNING * * *
You hit the orc warrior but do no damage.
You hit the orc warrior but do no damage.
Your tail-slap misses the orc warrior.
The orc warrior closely misses you.
The orc wizard casts a spell.
The orc wizard flickers and vanishes!
Deactivating autopickup; reactivate with Ctrl-A.
You barely miss the orc warrior.
You hit the orc warrior but do no damage.
You tail-slap the orc warrior, but do no damage.
The orc warrior hits you with a glaive!!
You die...

..## ...####.# ##.
.(......# #..
......).# #.#
......... #o#
.......... #{#
.......... #o#
.......... #o#
....[....## #@#
..........# #.#
..........### ##.##
............###...#
....(.............#
...).....##.###...#
.........##.#######
.........##..##
..............#


You could see an orc warrior, an orc wizard and an orc.

Vanquished Creatures
  A two-headed ogre (D:6)
  Pikel (D:4)
  The ghost of Brutalitops the Cudgeler, an amateur MiCj of Fedhas (D:4)
  Eustachio (D:4)
  A sky beast (D:5)
  An ice beast (D:6)
  2 centaurs (D:6)
  2 scorpions
  The ghost of JimmahDean the Charmwright, a weakling GnSk (D:3)
  A crimson imp (D:6)
  A bullfrog zombie (D:6)
  A centaur zombie (Ossuary)
  A human zombie (Ossuary)
  A hound (D:5)
  8 orc wizards
  4 orc priests
  A bullfrog skeleton (D:6)
  A centaur skeleton (D:6)
  Ijyb (D:3)
  4 worker ants
  A hound zombie (D:5)
  4 mummies (Ossuary)
  8 adders
  A shadow imp (D:5)
  An ooze (D:2)
  An adder zombie (D:5)
  3 adder skeletons (D:4)
  5 worms
  2 dart slugs (D:2)
  6 leopard geckos
  20 orcs
  5 bats
  7 giant cockroaches
  8 goblins
  8 hobgoblins
  7 jackals
  2 quokkas
  4 ball pythons
  6 frilled lizards
  A gnoll zombie (Ossuary)
  A goblin zombie (Ossuary)
  2 hobgoblin zombies (Ossuary)
  A jackal zombie (D:5)
  4 kobolds
  A kobold zombie (Ossuary)
  A leopard gecko zombie (D:5)
  An orc zombie (Ossuary)
  6 rats
152 creatures vanquished.

Notes
Turn   | Place    | Note
-------+----------+-------------------------------------------
     0 | D:1      | slep the Draconian Gladiator began the quest for the Orb.
     0 | D:1      | Reached XP level 1. HP: 17/17 MP: 1/1
   166 | D:1      | Reached XP level 2. HP: 14/24 MP: 2/2
  1008 | D:2      | Reached XP level 3. HP: 25/30 MP: 3/3
  1557 | D:2      | Reached skill level 4 in Axes
  1629 | D:2      | Reached XP level 4. HP: 37/37 MP: 4/4
  1955 | D:3      | Found a white marble altar of Elyvilon.
  1986 | D:3      | Found a deep blue altar of Sif Muna.
  1989 | D:3      | Found a glowing silver altar of Zin.
  1990 | D:3      | Found a blossoming altar of Fedhas.
  1990 | D:3      | Found a shadowy altar of Dithmenos.
  1990 | D:3      | Found a snail-covered altar of Cheibriados.
  2081 | D:3      | Found a glowing golden altar of the Shining One.
  2082 | D:3      | Found a burning altar of Makhleb.
  2082 | D:3      | Found a basalt altar of Yredelemnul.
  2089 | D:3      | Found an ancient bone altar of Kikubaaqudgha.
  2123 | D:3      | Noticed JimmahDean's ghost (weakling GnSk)
  2136 | D:3      | Killed JimmahDean's ghost
  2136 | D:3      | Reached skill level 1 in Stealth
  2136 | D:3      | Reached XP level 5. HP: 42/44 MP: 5/5
  2323 | D:3      | Noticed Ijyb
  2333 | D:3      | Killed Ijyb
  2393 | D:3      | Found a sparkling altar of Nemelex Xobeh.
  2395 | D:3      | Found a hide-covered altar of Uskayaw.
  2395 | D:3      | Found an iron altar of Okawaru.
  2397 | D:3      | Found a radiant altar of Vehumet.
  2397 | D:3      | Found a deep blue altar of Sif Muna.
  2397 | D:3      | Found a shimmering altar of Xom.
  2536 | D:4      | Reached skill level 5 in Axes
  2583 | D:4      | Noticed Brutalitops's ghost (amateur MiCj)
  2595 | D:4      | HP: 2/45 [Brutalitops's ghost (2)]
  2597 | D:4      | Killed Brutalitops's ghost
  2597 | D:4      | Reached skill level 6 in Axes
  2597 | D:4      | Reached XP level 6. HP: 3/52 MP: 6/6
  2601 | D:4      | HP: 2/52 [poisoned by a worker ant]
  2609 | D:4      | HP: 1/52 [poisoned by a worker ant]
  2891 | D:4      | Your scales start taking on a glossy black colour.
  2891 | D:4      | Reached XP level 7. HP: 38/58 MP: 7/7
  2891 | D:4      | Gained mutation: You are resistant to electric shocks. (rElec) [Black Draconian growth]
  3227 | D:4      | Noticed Pikel
  3242 | D:4      | Killed Pikel
  3242 | D:4      | Reached skill level 7 in Axes
  3242 | D:4      | Reached XP level 8. HP: 34/67 MP: 8/8
  3285 | D:4      | Found a shattered altar of Ashenzari.
  3448 | D:4      | Noticed Eustachio
  3461 | D:4      | Killed Eustachio
  3970 | D:5      | Entered Level 5 of the Dungeon
  4020 | D:5      | Found a sand-covered staircase.
  4088 | D:5      | Reached skill level 8 in Axes
  4145 | D:5      | Reached skill level 5 in Dodging
  4177 | Ossuary  | Entered an ossuary
  4344 | Ossuary  | Reached skill level 5 in Fighting
  4457 | D:5      | Found Joufen's Assorted Antiques.
  4467 | D:5      | Bought a black potion for 18 gold pieces
  4467 | D:5      | Bought a scroll labeled OROCUN COSAEC for 21 gold pieces
  4467 | D:5      | Bought a dark potion for 18 gold pieces
  4467 | D:5      | Bought a scroll labeled TOPLIZOVOA for 21 gold pieces
  4467 | D:5      | Bought a scroll labeled WESOROQIES for 21 gold pieces
  5042 | D:6      | Noticed a two-headed ogre
  5052 | D:6      | Killed a two-headed ogre
  5052 | D:6      | Reached skill level 9 in Axes
  5052 | D:6      | Reached XP level 9. HP: 42/75 MP: 9/9
  5431 | D:6      | HP: 3/75 [centaur (1)]
  5857 | D:6      | Reached skill level 10 in Axes
  5997 | D:6      | Slain by an orc warrior

Vault maps used:
D:1:      dpeg_arrival_signposts, st_stairs_9
D:3:      nicolae_overflow_hidden_temple, grunt_temple_overflow_open,
          chequers_temple_overflow_statue_of_worship, doesnt_xom_only_xom,
          uniq_ijyb
D:4:      ashenzari_altar_1, first_bread, uniq_eustachio, uniq_pikel
D:5:      serial_shops, nicolae_shop_waterfront, enter_ossuary_3
Ossuary:  ossuary_crypta

Skill      XL: |  1  2  3  4  5  6  7  8  9 |
---------------+----------------------------+-----
Dodging        | 3 4 5 |  5.9
Axes           | 4 6 7 9 10 | 10.1
Stealth        | 1 2 3 |  3.4
Fighting       | 3 4 6 |  6.3
Throwing       | 2 |  2.2

Action                   |  1- 3 |  4- 6 |  7- 9 || total
-------------------------+-------+-------+-------++-------
Melee: War axe           |   104 |   112 |    95 ||   311
       Tailslap          |     8 |    19 |    64 ||    91
       Hand axe          |       |       |   272 ||   272
Throw: Javelin           |       |       |     3 ||     3
       Throwing net      |       |       |     2 ||     2
  Use: Potion            |       |       |     3 ||     3
 Stab: Sleeping          |     2 |     5 |     5 ||    12
       Distracted        |       |     1 |       ||     1
       Held in net/web   |       |       |     1 ||     1
  Eat: Chunk             |     2 |     4 |    11 ||    17
Armor: Skin              |    33 |    39 |    76 ||   148
Dodge: Dodged            |    77 |    73 |   236 ||   386

Table legend:
 A = Spawn XP
 B = Non-spawn XP
 C = Spawn XP percentage of total XP
 D = Spawn monster count
 E = Non-spawn monster count
 F = Spawn count percentage of total count
 G = Total turns spent on level
                    A         B        C        D         E        F      G
               +---------+---------+-------+---------+---------+-------+---------
         Total |       0 |    4088 |   0.0 |       0 |     152 |   0.0 |  5997
               +---------+---------+-------+---------+---------+-------+---------
           D:1 |       0 |      23 |   0.0 |       0 |      12 |   0.0 |   887
           D:2 |       0 |      95 |   0.0 |       0 |      31 |   0.0 |  1012
           D:3 |       0 |     168 |   0.0 |       0 |      19 |   0.0 |   631
           D:4 |       0 |    1437 |   0.0 |       0 |      26 |   0.0 |  1440
           D:5 |       0 |     468 |   0.0 |       0 |      25 |   0.0 |  1169
           D:6 |       0 |    1732 |   0.0 |       0 |      27 |   0.0 |   640
       Ossuary |       0 |     165 |   0.0 |       0 |      12 |   0.0 |   218
               +---------+---------+-------+---------+---------+-------+---------
